 Dungeon Crawl Stone Soup version 0.29-a0-551-gffc1d7fb78 (webtiles) character file.

Game seed: 6855032175366465058

199 Hubjo the Skirmisher (level 5, 0/44 HPs)
             Began as a Demonspawn Wanderer on June 5, 2022.
             Was a Believer of Okawaru.
             Slain by an iguana (5 damage)
             ... on level 5 of the Dungeon.
             The game lasted 00:04:48 (2125 turns).

Hubjo the Skirmisher (Demonspawn Wanderer)          Turns: 2125, Time: 00:04:49

Health: 0/44       AC: 11    Str: 16    XL:     5   Next: 48%
Magic:  7/7        EV:  9    Int: 11    God:    Okawaru [**....]
Gold:   107        SH:  0    Dex: 13    Spells: 4/4 levels left

rFire   . . .      SeeInvis .   a - +1 falchion
rCold   . . .      Faith    .   (no shield)
rNeg    . . .      Spirit   .   b - +2 scale mail
rPois   .          Reflect  .   (no helmet)
rElec   .          Harm     .   (no cloak)
rCorr   .          Rampage  .   k - +0 pair of gloves
Will    .....                   (no boots)
Stlth   +.........              (no amulet)
HPRegen 0.14/turn               (no ring)
MPRegen 0.10/turn               (no ring)

@: no status effects
A: slimy green scales 1, powered by death 1, demonic magic 1
a: Renounce Religion, Heroism


You were on level 5 of the Dungeon.
You worshipped Okawaru.
Okawaru was pleased with you.
You visited 1 branch of the dungeon, and saw 5 of its levels.

You collected 107 gold pieces.

Inventory:

Hand Weapons
 a - a +1 falchion (weapon)
Armour
 b - a +2 scale mail (worn)
 k - a +0 pair of gloves (worn)
Jewellery
 p - a ring of protection from cold
Scrolls
 d - a scroll of enchant weapon {unknown}
 g - a scroll of torment
 i - a scroll of magic mapping {unknown}
 s - a scroll of noise {unknown}
Potions
 c - a potion of might
 e - a potion of heal wounds {unknown}
 f - a potion of magic {unknown}
 h - 2 potions of ambrosia {unknown}
 m - 2 potions of berserk rage {unknown}
 n - a potion of degeneration {unknown}
 o - a potion of flight {unknown}
 q - a potion of resistance {unknown}


   Skills:
 + Level 5.0 Fighting
 + Level 2.2 Long Blades
 - Level 1.0 Throwing
 - Level 2.6 Armour
 + Level 2.7 Stealth
 + Level 2.7 Invocations
 - Level 1.0 Evocations


You had 4 spell levels left.
You didn't know any spells.
Your spell library contained the following spells:

 Spells                   Type           Power      Damage    Failure   Level
 Ensorcelled Hibernation  Hex/Ice        0%         N/A       88%         2
 Sublimation of Blood     Necr           0%         N/A       88%         2
 Wereblood                Tmut           0%         N/A       88%         2
 Spider Form              Tmut/Pois      0%         N/A       98%         3
 Anguish                  Hex/Necr       0%         N/A       100%        4
 Summon Hydra             Summ           Unusable   N/A       N/A         7

Dungeon Overview and Level Annotations

Branches:
Dungeon (6/15)
 Temple: D:4-7

Altars:
Okawaru

Annotations:
D:5 Prince Ribbit


Innate Abilities, Weirdness & Mutations

You are partially covered in slimy green scales. (AC +2)
You regenerate a little health from kills.
Spells you cast may paralyse adjacent enemies.


Message History

Prince Ribbit is lightly wounded.
Prince Ribbit blinks!
Prince Ribbit blinks!
You hit Prince Ribbit.
Prince Ribbit is lightly wounded.
Prince Ribbit hits you. x2
You hit Prince Ribbit.
Prince Ribbit is lightly wounded.
Prince Ribbit barely misses you.
Prince Ribbit hits you but does no damage.
You barely miss Prince Ribbit.
Prince Ribbit is lightly wounded.
Prince Ribbit hits you!
You miss Prince Ribbit.
Prince Ribbit is lightly wounded.
Prince Ribbit hits you! x2
You hit Prince Ribbit.
Prince Ribbit is moderately wounded.
Prince Ribbit hits you.
* * * LOW HITPOINT WARNING * * *
Prince Ribbit hits you but does no damage.
As you read the scroll labelled QURAR RIPLIAWE, it crumbles to dust.
It is a scroll of identify.
j - a scroll of fear Prince Ribbit hits you but does no damage.
As you read the scroll of fear, it crumbles to dust.
You assume a fearsome visage.
Prince Ribbit looks frightened!
Prince Ribbit blinks!
Found a runed orb.
Prince Ribbit blinks!
Found 9 gold pieces.
An iguana comes into view.
The iguana hisses angrily.
Found 8 gold pieces.
You barely miss the iguana. The iguana bites you.
* * * LOW HITPOINT WARNING * * *
The iguana barely misses you.
You barely miss the iguana. The iguana bites you.
* * * LOW HITPOINT WARNING * * *
You hit the iguana but do no damage. The iguana bites you.
You die...

##.........
#..........
#..........
##...........
#.............
#.............#
###.............#
###.l...........$.#
#..@####..........
#...### #..........
... #..$##
##.....## (.. .##
##....## .. ##....#
. #....# ##...##
#....# ##...#


You could see an iguana.

Vanquished Creatures
  A phantom (D:5)
  A hound (D:5)
  Jessica (D:2)
  Robin (D:2)
  An ufetubus (D:5)
  2 worms (D:2)
  2 dart slugs
  4 bats
  6 endoplasms
  2 giant cockroaches
  10 goblins
  4 hobgoblins
  3 kobolds
  A ball python (D:1)
  3 frilled lizards
42 creatures vanquished.

Notes
Turn   | Place    | Note
-------+----------+-------------------------------------------
     0 | D:1      | Hubjo the Demonspawn Wanderer began the quest for the Orb.
     0 | D:1      | Hubjo set off with the following items: a +1 falchion, a +2
                  | scale mail, a potion of might
     0 | D:1      | Reached XP level 1. HP: 19/19 MP: 1/1
   167 | D:1      | Found a faded altar of an unknown god.
   260 | D:1      | Prayed at the altar of an unknown god.
   260 | D:1      | Became a worshipper of Warmaster Okawaru
   260 | D:1      | Reached * piety under Okawaru
   372 | D:1      | Reached skill level 1 in Stealth
   374 | D:1      | Gained mutation: You are partially covered in slimy green
                  | scales. (AC +2) [demonic ancestry]
   374 | D:1      | Reached XP level 2. HP: 25/25 MP: 2/2
   995 | D:1      | You fall into a shaft and drop 1 floor!
  1088 | D:2      | Gained mutation: You regenerate a little health from kills.
                  | [demonic ancestry]
  1088 | D:2      | Reached XP level 3. HP: 29/31 MP: 3/3
  1175 | D:2      | Noticed Jessica
  1188 | D:2      | Killed Jessica
  1189 | D:2      | Reached skill level 1 in Invocations
  1449 | D:2      | Noticed Robin
  1462 | D:2      | Reached XP level 4. HP: 38/38 MP: 5/5
  1474 | D:2      | Killed Robin
  1670 | D:3      | You fall into a shaft and drop 3 floors!
  1684 | D:5      | Entered Level 5 of the Dungeon
  1767 | D:5      | Noticed a phantom
  1788 | D:5      | Killed a phantom
  1788 | D:5      | Reached ** piety under Okawaru
  1789 | D:5      | Gained mutation: Spells you cast may paralyse adjacent
                  | enemies. [demonic ancestry]
  1789 | D:5      | Reached XP level 5. HP: 24/43 MP: 6/6
  1839 | D:5      | Noticed a phantom
  2051 | D:5      | Reached skill level 5 in Fighting
  2078 | D:5      | Noticed Prince Ribbit
  2125 | D:5      | Slain by an iguana

Illustrated notes

Levels and vault maps discovered:
D:1:      scummos_arrival_forest, layout_loops_corners,
          shapermc_ecumenical_altar_mp_ritualfount
D:2:      layout_loops_ring, serial_park_tiny_pond, uniq_jessica, uniq_robin
D:3:      layout_loops_ring
D:5:      layout_cave_pods, lemuel_doored_altar, uniq_prince_ribbit1,
          uniq_grinder, uniq_eustachio
D:6:      layout_cave_pools, uniq_crazy_yiuf_cottage

Skill      XL: |  1  2  3  4  5 |
---------------+----------------+-----
Stealth        | 1 2 |  2.7
Invocations    | 1 2 |  2.7
Long Blades    | 2 |  2.2
Fighting       | 5 |  5.0
Throwing       | |  1.0
Armour         | |  2.6
Evocations     | |  1.0

Action                   |  1- 3 |  4- 6 || total
-------------------------+-------+-------++-------
Melee: Falchion          |   112 |    53 ||   165
  Use: Scroll            |       |     4 ||     4
Armor: Scale mail        |    77 |    29 ||   106
Dodge: Dodged            |    60 |    30 ||    90

Table legend: (Time is in decaauts)
 A = Elapsed time spent in this place.
 B = Non-inter-level travel time spent in this place.
 C = Inter-level travel time spent in this place.
 D = Time resting spent in this place.
 E = Time spent auto-exploring this place.
 F = Levels seen in this place.
 G = Mean time per level.
                   A        B        C        D        E       F      G
               +--------+--------+--------+--------+--------+-----+--------+
         Total |   2165 |   2141 |     24 |      0 |   1698 |   5 |  433.0 |
       Dungeon |   2165 |   2141 |     24 |      0 |   1698 |   5 |  433.0 |
               +--------+--------+--------+--------+--------+-----+--------+

Top non-repeatable levels by time:
     D:1: 1013 daAuts
     D:2: 619 daAuts
     D:5: 447 daAuts
     D:3: 70 daAuts
     D:6: 13 daAuts
